 Dungeon Crawl Stone Soup version 0.31-a0-239-g0a1456f148 (webtiles) character file.

Game seed: 10955155588986223720

585 qw the Shooter (level 7, 0/43 HPs)
             Began as a Gargoyle Hexslinger on July 11, 2023.
             Slain by a river rat (3 damage)
             ... summoned by Eustachio
             ... on level 5 of the Dungeon.
             The game lasted 00:01:27 (2903 turns).

qw the Shooter (Gargoyle Hexslinger)                Turns: 2903, Time: 00:01:28

Health: 0/43       AC: 15    Str: 12    XL:     7   Next: 37%
Magic:  8/8        EV: 10    Int: 13    God:
Gold:   85         SH:  5    Dex: 14    Spells: 7/8 levels left

rFire   . . .        Y - +0 shortbow
rCold   + . .        (shield currently unavailable)
rNeg    + . .        m - +0 ring mail
rPois   inf          k - +0 helmet
rElec   +            (no cloak)
rCorr   .            (no gloves)
SInv    .            (no boots)
Will    .....        f - amulet of reflection
Stlth   +            g - +4 ring of protection
HPRegen 0.27/turn    j - ring of protection from cold
MPRegen 0.11/turn

%: reflection
@: about to teleport
A: sickness immunity, AC +4, negative energy resistance 1, electricity
resistance, torment resistance 1, petrification resistance
a: no special abilities


You were on level 5 of the Dungeon.
You visited 1 branch of the dungeon, and saw 5 of its levels.

You collected 160 gold pieces.
You spent 75 gold pieces at shops.


Innate Abilities, Weirdness & Mutations

You are immune to sickness and miasma.
Your stone body is resilient. (AC +4)
You are immune to poison.
You resist negative energy. (rN+)
You are resistant to electric shocks. (rElec)
You are resistant to unholy torment.
You are immune to petrification.


   Skills:
 - Level 4.2 Fighting
 + Level 6.3 Ranged Weapons
 - Level 2.6 Armour
 - Level 1.5 Dodging
 - Level 1.0 Spellcasting
 - Level 2.6 Hexes


You had 7 spell levels left.
You knew the following spells:

 Your Spells              Type           Power      Damage    Failure   Level
a - Slow                  Hex            28%        N/A       21%         1

Your spell library contained the following spells:

 Spells                   Type           Power      Damage    Failure   Level
 Inner Flame              Hex/Fire       4%         N/A       71%         3
 Portal Projectile        Hex/Tloc       8%         N/A       71%         3
 Cause Fear               Hex            3%         N/A       90%         4

Inventory:

Hand Weapons
 Y - a +0 shortbow (weapon)
Armour
 k - a +0 helmet (worn)
 m - a +0 ring mail (worn)
Jewellery
 d - an amulet of guardian spirit
 f - an amulet of reflection (around neck)
 g - a +4 ring of protection (left hand)
 j - a ring of protection from cold (right hand)
Scrolls
 a - a scroll of blinking {unknown}
 o - a scroll of identify
Potions
 b - 2 potions of curing
 c - a potion of might {unknown}
 e - a potion of degeneration {unknown}
 h - a potion of brilliance {unknown}
 i - a potion of heal wounds {unknown}
 l - a potion of mutation {unknown}

Dungeon Overview and Level Annotations

Branches:
Dungeon (5/15)
 Temple: D:4-7

Altars:

Shops:
D:4 (:

Annotations:
D:5 Eustachio


Message History

You shoot an arrow. The arrow barely misses the iron imp.
The ufetubus closely misses you.
The ufetubus hits you but does no damage.
The rat barely misses you. The iron imp closely misses you.
The river rat barely misses you. The white imp hits you.
The white imp freezes you. You resist.
2900 ||| READING scroll of teleportation.
As you read the scroll of teleportation, it crumbles to dust.
You feel strangely unstable. The ufetubus barely misses you.
The ufetubus closely misses you. The rat bites you but does no damage.
The ufetubus misses you.
The ufetubus hits you but does no damage.
The iron imp hits you. The river rat bites you.
The white imp hits you but does no damage.
You shoot an arrow. The arrow hits the iron imp.
The iron imp is moderately wounded.
The ufetubus closely misses you. You block the ufetubus's attack.
The rat misses you. The river rat closely misses you.
The white imp hits you but does no damage.
The ufetubus barely misses you.
The ufetubus hits you but does no damage.
The iron imp hits you but does no damage.
The rat closely misses you.
You shoot an arrow. The arrow hits the iron imp.
The iron imp is moderately wounded.
The iron imp disappears in a puff of smoke!
The bat barely misses you. The ufetubus barely misses you.
The ufetubus hits you but does no damage.
You block the river rat's attack. The white imp hits you.
The white imp freezes you. You resist. You block the bat's attack.
You block the ufetubus's attack. The ufetubus closely misses you.
The rat closely misses you.
You shoot an arrow. The arrow hits the white imp!
The white imp is severely wounded.
The ufetubus disappears in a puff of smoke!
The bat hits you but does no damage.
The river rat bites you but does no damage.
The white imp misses you. The rat bites you but does no damage.
The bat completely misses you. The river rat bites you.
You die...

# # .. # ######### .# #
##.......# .# #
#...####.# .# #
###...####.# .#
###.......##.####@######
.%........##...¤rr......
###.......##...5@).....#
#####...#####.###b####<#
....#...# #.# r#
###.##### #.# .. #.# #..
#.# .## #.# .# ..# .#
###


You could see Eustachio, a river rat (summoned), a white imp (summoned), a
quokka (summoned), a bat (summoned) and a rat (summoned).

Vanquished Creatures
  A water moccasin (D:5)
  An ogre (D:5)
  A scorpion (D:4)
  2 howler monkeys (D:5)
  An orc priest (D:4)
  A jelly (D:5)
  A hound (D:4)
  A sleepcap (D:5)
  An orc wizard (D:3)
  4 adders
  2 worms (D:3)
  2 dart slugs
  6 orcs
  12 endoplasms
  3 giant cockroaches
  8 goblins
  2 hobgoblins
  2 jackals (D:5)
  2 quokkas
  8 ball pythons
  5 bats
  4 frilled lizards
  7 kobolds
  6 rats
83 creatures vanquished.

Notes
Turn   | Place    | Note
-------+----------+-------------------------------------------
     0 | D:1      | qw the Gargoyle Hexslinger began the quest for the Orb.
     0 | D:1      | Reached XP level 1. HP: 12/12 MP: 2/2
     0 | D:1      | 0 ||| qw: Version: 0.3-a-52-g30416fa
     0 | D:1      | 0 ||| qw: Game counter: 5952
     0 | D:1      | 0 ||| qw: Melee chars always use a shield: true
     0 | D:1      | 0 ||| qw: God list: Okawaru
     0 | D:1      | 0 ||| qw: Allow faded altars: false
     0 | D:1      | 0 ||| qw: Do Orc after clearing Dungeon:15 true
     0 | D:1      | 0 ||| qw: Do second Lair branch before Depths: true
     0 | D:1      | 0 ||| qw: Lair rune preference: random
     0 | D:1      | 0 ||| qw: Goals: Normal
     0 | D:1      | 0 ||| PLANNING D:1-11
   113 | D:1      | Reached XP level 2. HP: 16/16 MP: 3/3
   161 | D:1      | Reached skill level 3 in Ranged Weapons
   235 | D:1      | 235 ||| Stepping ~*~*~tactically~*~*~ (outnumbered).
   239 | D:1      | HP: 4/16 [kobold/+0 whip (3)]
   245 | D:1      | HP: 1/16 [kobold/+0 whip (4)]
   424 | D:1      | Reached XP level 3. HP: 18/21 MP: 4/4
   697 | D:1      | 697 ||| UPGRADING to +0 leather armour.
   707 | D:1      | 707 ||| DROPPING +0 robe.
   708 | D:1      | 708 ||| UPGRADING to +0 helmet.
   713 | D:1      | 713 ||| UPGRADING to +4 ring of protection.
   714 | D:1      | 714 ||| UPGRADING to ring of protection from cold.
   715 | D:1      | 715 ||| READING scroll labelled QUOBYZ TAYXO.
   716 | D:1      | 716 ||| READING scroll labelled MOACAEHEKK.
   717 | D:1      | 717 ||| DRINKING 2 fuming puce potions.
   718 | D:1      | 718 ||| DROPPING scroll of poison.
   719 | D:1      | 719 ||| DROPPING potion of magic.
  1337 | D:2      | 1337 ||| UPGRADING to amulet of regeneration.
  1342 | D:2      | 1342 ||| READING scroll labelled FIGOTO EDWYJIPN.
  1343 | D:2      | 1343 ||| READING scroll labelled RAMUXZ JEOCURA.
  1384 | D:3      | 1384 ||| FLEEEEING.
  1399 | D:3      | Reached skill level 4 in Ranged Weapons
  1399 | D:3      | Reached XP level 4. HP: 23/26 MP: 5/5
  1591 | D:3      | 1591 ||| UPGRADING to +0 ring mail.
  1602 | D:3      | 1602 ||| UPGRADING to +0 leather armour.
  1607 | D:3      | 1607 ||| UPGRADING to +0 ring mail.
  1617 | D:3      | 1617 ||| DROPPING +0 leather armour.
  1777 | D:3      | 1777 ||| DROPPING amulet of the acrobat.
  1778 | D:3      | 1778 ||| READING scroll labelled ICEADE TAEWENG.
  1786 | D:3      | 1786 ||| DRINKING 3 smoky golden potions.
  1885 | D:4      | Noticed a scorpion
  1895 | D:4      | Killed a scorpion
  1896 | D:4      | Reached XP level 5. HP: 30/30 MP: 6/6
  1902 | D:4      | Found Xicuiq's Antique Weapon Boutique.
  1910 | D:4      | 1910 ||| BUYING shortbow (75 gold).
  1910 | D:4      | Bought a shortbow for 75 gold pieces
  1910 | D:4      | 1910 ||| SWAPPING to +0 shortbow.
  1911 | D:4      | 1911 ||| DROPPING +1 sling of draining.
  1967 | D:4      | 1967 ||| Stepping ~*~*~tactically~*~*~ (outnumbered).
  1971 | D:4      | 1971 ||| Stepping ~*~*~tactically~*~*~ (outnumbered).
  1974 | D:4      | Reached skill level 5 in Ranged Weapons
  1974 | D:4      | Reached XP level 6. HP: 28/35 MP: 7/7
  1975 | D:4      | 1975 ||| FLEEEEING.
  1976 | D:4      | 1976 ||| FLEEEEING.
  1977 | D:4      | 1977 ||| FLEEEEING.
  2009 | D:4      | Found Omuacapp's Self-Improvement Boutique.
  2441 | D:4      | 2441 ||| UPGRADING to amulet of reflection.
  2451 | D:4      | 2451 ||| DROPPING amulet of regeneration.
  2452 | D:4      | 2452 ||| READING scroll labelled NAVERUEMASK.
  2453 | D:4      | 2453 ||| DRINKING 2 silvery potions.
  2486 | D:4      | 2486 ||| DROPPING potion of lignification.
  2527 | D:5      | Entered Level 5 of the Dungeon
  2612 | D:5      | Reached skill level 3 in Fighting
  2669 | D:5      | Reached skill level 6 in Ranged Weapons
  2730 | D:5      | Noticed a water moccasin
  2743 | D:5      | Killed a water moccasin
  2744 | D:5      | Reached XP level 7. HP: 16/43 MP: 8/8
  2866 | D:5      | Noticed Eustachio
  2899 | D:5      | HP: 10/43 [white imp[Eustachio] (2)]
  2900 | D:5      | 2900 ||| READING scroll of teleportation.
  2902 | D:5      | HP: 4/43 [white imp[Eustachio] (3)]
  2903 | D:5      | Slain by a river rat

Levels and vault maps discovered:
D:1:      lemuel_arrival_lava_pool, layout_basic, minmay_box_of_dots
D:2:      layout_loops_ring
D:3:      layout_rooms, serial_glass, glass_columns_a, glass_columns_c,
          glass_columns_a, skrybe_limestone_x
D:4:      layout_basic, serial_shops, nicolae_stop_n_shop_1,
          nicolae_shop_self_help
D:5:      layout_loops_ring, serial_shops, shop, uniq_eustachio

Skill      XL: |  1  2  3  4  5  6 |
---------------+-------------------+-----
Ranged Weapons | 3 4 5 6 |  6.3
Fighting       | 2 4 |  4.2
Armour         | 2 |  2.6
Dodging        | |  1.5
Spellcasting   | |  1.0
Hexes          | |  2.6

Action                     |  1- 3 |  4- 6 |  7- 9 || total
---------------------------+-------+-------+-------++-------
   Fire: Sling             |   153 |    50 |       ||   203
         Shortbow          |       |    94 |    49 ||   143
    Use: Scroll            |     4 |     2 |     1 ||     7
         Potion            |     1 |     2 |       ||     3
 Armour: Robe              |    19 |       |       ||    19
         Leather armour    |    13 |     7 |       ||    20
         Skin              |       |     2 |       ||     2
         Ring mail         |       |    40 |    80 ||   120
  Dodge: Dodged            |    60 |    43 |    76 ||   179
  Block: Other             |       |     5 |    30 ||    35

Table legend:
 A = Non-vault XP
 B = Vault XP
 C = Vault XP percentage of total XP
 D = Non-vault monster count
 E = Vault monster count
 F = Vault count percentage of total count
                 A         B        C        D         E       F
            +---------+---------+-------+---------+---------+-------
      Total |     829 |       8 |   1.0 |      79 |       4 |   4.8
            +---------+---------+-------+---------+---------+-------
        D:1 |      37 |       8 |  17.8 |      23 |       4 |  14.8
        D:2 |      27 |       0 |   0.0 |      18 |       0 |   0.0
        D:3 |      77 |       0 |   0.0 |      15 |       0 |   0.0
        D:4 |     218 |       0 |   0.0 |      13 |       0 |   0.0
        D:5 |     470 |       0 |   0.0 |      10 |       0 |   0.0
            +---------+---------+-------+---------+---------+-------
